 Dungeon Crawl Stone Soup version bcrawl-1.41.1 (webtiles) character file.

Game seed: 10937679956785190106

213117 tronn the Sneak (level 7, 0/45 HPs)
             Began as an Octopode Archaeologist on Apr 23, 2024.
             Slain by a sky beast (5 damage)
             ... on level 4 of the Dungeon.
             The game lasted 00:10:50 (3555 turns).

tronn the Sneak (Octopode Archaeologist)            Turns: 3555, Time: 00:10:51

Health: 0/45       AC:  2    Str: 14    XL:     7   Next: 37%
Magic:  10/10      EV: 14    Int: 17    God:
Gold:   151        SH:  0    Dex: 11    Spells: 9/10 levels left

rFire    + . .     GDR:     23% h - +0 dagger
rCold    + + .     SeeInvis .   (no shield)
rNeg     . . .     Gourm    .   c - +1 hat
rPois    .         Faith    .   (cloak restricted)
rElec    .         Spirit   .   (no amulet)
rCorr    .         Reflect  .   f - ring of Understanding {rF+ rC++ MR+ Str+3}
MR       +....                  (no ring)
Stlth    ++++......             (no ring)
HPRegen  0.17/turn              (no ring)
MPRegen  0.12/turn              (no ring)
                                (no ring)
                                (no ring)
                                (no ring)

@: no status effects
A: almost no armour, stealthy swim, resist paralysis, amphibious, 8 rings,
constrict 8, camouflage 1, gelatinous body 1
a: no special abilities


You were on level 4 of the Dungeon.
You were not hungry.

You visited 1 branch of the dungeon, and saw 5 of its levels.

You collected 151 gold pieces.

Inventory:

Hand Weapons
 a - a +0 whip
 b - a +0 blowgun
 h - a +0 dagger (weapon)
 q - a +1 mace of protection
 y - a +0 mace of protection
 z - a +2 quarterstaff of chaos
 E - a cursed -1 mace
Missiles
 d - 3 curare-tipped needles
 j - 294 stones (quivered)
 m - 182 poisoned needles
 o - 400 bolts
 G - 278 sling bullets
Armour
 c - a +1 hat (worn)
Jewellery
 f - the ring of Understanding (left tentacle) {rF+ rC++ MR+ Str+3}
   (You acquired it on level 2 of the Dungeon)

   [ring of protection from fire]

   It affects your strength (+3).
   It protects you from fire.
   It greatly protects you from cold.
   It affects your resistance to hostile enchantments.
Wands
 F - a wand of scattershot (6)
Scrolls
 g - a scroll of revelation
 i - a scroll of identify
 l - 2 scrolls of enchant weapon {unknown}
 n - 2 scrolls of immolation {unknown}
 r - a scroll of fog {unknown}
 w - 2 scrolls of amnesia {unknown}
 B - a scroll of noise {unknown}
 C - a scroll of teleportation {unknown}
Potions
 k - 2 potions of lignification
 p - 2 potions of invisibility
 s - a potion of heal wounds
 t - a potion of magic
 u - 3 potions of curing
 v - 2 potions of might
 x - 2 potions of haste
 D - a potion of berserk rage
Comestibles
 e - 5 rations {!d}
 A - 4 chunks of flesh


   Skills:
 * Level 2.5 Fighting
 * Level 1.5 Short Blades
 - Level 1.0(1.2) Maces & Flails
 + Level 1.0(1.2) Staves
 + Level 2.1 Throwing
 * Level 3.8 Dodging
 * Level 6.7 Stealth
 + Level 2.1 Unarmed Combat
 * Level 2.2 Spellcasting
 + Level 1.1 Transmutations
 + Level 2.3 Evocations


You had 9 spell levels left.
You knew the following spells:

 Your Spells              Type           Power        Failure   Level  Hunger
a - Beastly Appendage     Tmut           #.....       12%         1    None

Your spell library contained the following spells:

 Spells                   Type           Power        Failure   Level  Hunger
 Sticks to Snakes         Tmut           #.......     19%         2    ##.....
 Passwall                 Tmut/Erth      #.......     22%         2    ##.....
 Spider Form              Tmut/Pois      #..          41%         3    ####...
 Ice Form                 Ice/Tmut       #.......     83%         4    ######.
 Blade Hands              Tmut           #.........   98%         5    #######


Dungeon Overview and Level Annotations

Branches:
Dungeon (5/12)
 Temple: D:4-7

Altars:


Innate Abilities, Weirdness & Mutations

You cannot wear most types of armour.
You are very stealthy in the water. (Stealth+)
Your unusual nervous system resists paralysis.
You are amphibious.
You can wear up to eight rings at the same time.
You can use your tentacles to constrict eight enemies at once.
Your skin changes colour to match your surroundings (Stealth+).
Your rubbery body absorbs attacks. (AC +1, EV +1)


Message History

Something hits you. Something shocks you.
You closely miss something. Your squeeze misses something. Something hits you.
Something shocks you.
You miss something. Your squeeze misses something. Something hits you.
Something shocks you.
You barely miss something. Something hits you. Something shocks you.
Wield which item (- for none, * to show all)? (? for menu, Esc to quit)
Okay, then.
Something hits you. Something shocks you.
* * * LOW HITPOINT WARNING * * *
A sky beast appears from thin air!
Reactivating autopickup.
You hit the sky beast. Your squeeze misses the sky beast.
The sky beast is almost dead.
The sky beast flickers out of sight!
Deactivating autopickup; reactivate with Ctrl-A.
Something hits you.
* * * LOW HITPOINT WARNING * * *
Something shocks you.
You die...

#. ####.##..#
#.#####.#...#
#.......#...#
#.......#...#
#.......##..# # #
#.......##..#.#
#.###......##..#.#
.#..........##ยง..^#
............@{>.###
.#....#)#######.#
...#.##.#.......# #.
#.##.#.####### #
#[.....####.#
#.#.....[...# ..
##....###.# #.
#.##.# #.#### #
#.##.# #....#


There were no monsters in sight!

Vanquished Creatures
  Sigmund (D:2)
  An orc priest (D:3)
  4 crimson imps
  2 hounds
  Crazy Yiuf (D:2)
  An orc wizard (D:4)
  4 adders
  2 oozes (D:1)
  4 worms
  3 dart slugs (D:2)
  4 leopard geckos (D:3)
  6 orcs
  3 ball pythons (D:3)
  4 bats
  3 giant cockroaches
  11 hobgoblins
  2 jackals (D:1)
  6 kobolds
  5 quokkas
  A frilled lizard (D:1)
  8 goblins
  6 rats
  A bush (D:2)
83 creatures vanquished.

Notes
Turn   | Place    | Note
-------+----------+-------------------------------------------
     0 | D:1      | tronn the Octopode Archaeologist began the quest for the
                  | Orb.
     0 | D:1      | Reached XP level 1. HP: 13/13 MP: 1/1
    62 | D:2      | Reached XP level 2. HP: 18/18 MP: 2/2
    67 | D:2      | Learned a level 1 spell: Beastly Appendage
   112 | D:2      | Noticed Sigmund
   338 | D:1      | Reached XP level 3. HP: 23/23 MP: 1/3
   364 | D:2      | Reached skill level 5 in Stealth
   984 | D:2      | Killed Sigmund
   985 | D:2      | Reached skill level 1 in Throwing
   985 | D:2      | Reached skill level 6 in Stealth
   985 | D:2      | Reached skill level 1 in Unarmed Combat
   985 | D:2      | Reached skill level 1 in Spellcasting
   985 | D:2      | Reached skill level 1 in Evocations
   985 | D:2      | Reached XP level 4. HP: 29/29 MP: 4/6
   985 | D:2      | Reached XP level 5. HP: 34/34 MP: 4/7
   985 | D:2      | Identified a scroll of acquirement
  1496 | D:3      | Reached XP level 6. HP: 29/39 MP: 8/8
  1545 | D:2      | Identified the ring of Understanding {rF+ rC++ MR+ Str+3}
                  | (You acquired it on level 2 of the Dungeon)
  1996 | D:2      | Found a runed door.
  2000 | D:2      | Noticed Crazy Yiuf
  2006 | D:2      | Killed Crazy Yiuf
  2429 | D:3      | Reached skill level 1 in Short Blades
  2763 | D:4      | Reached XP level 7. HP: 34/45 MP: 10/10
  3265 | D:3      | Reached skill level 1 in Transmutations
  3320 | D:4      | Reached skill level 1 in Staves
  3545 | D:5      | Entered Level 5 of the Dungeon
  3555 | D:4      | Slain by a sky beast

Skill      XL: |  1  2  3  4  5  6  7 |
---------------+----------------------+-----
Stealth        | 6 |  6.7
Throwing       | 1 2 |  2.1
Unarmed Combat | 1 2 |  2.1
Spellcasting   | 1 2 |  2.2
Evocations     | 1 2 |  2.3
Fighting       | 2 |  2.5
Short Blades   | 1 |  1.5
Transmutations | 1 |  1.1
Staves         | 1 |  1.0
Maces & Flails | |  1.0
Dodging        | |  3.8

Action                   |  1- 3 |  4- 6 |  7- 9 || total
-------------------------+-------+-------+-------++-------
Melee: Whip              |    73 |   140 |       ||   213
       Constrict         |    12 |    26 |     8 ||    46
       Tentacles         |     6 |    49 |     7 ||    62
       Kick              |     1 |     1 |       ||     2
       Mace              |       |    25 |       ||    25
       Dagger            |       |    21 |    51 ||    72
       Punch             |       |     1 |     1 ||     2
 Fire: Blowgun           |     5 |     4 |       ||     9
Throw: Stone             |     1 |     4 |     4 ||     9
 Cast: Beastly Appendage |     3 |     1 |       ||     4
  Use: Scroll            |     1 |     4 |     4 ||     9
 Stab: Sleeping          |    10 |    16 |     3 ||    29
  Eat: Chunk             |     2 |     9 |     3 ||    14
       Ration            |       |     1 |       ||     1
Armor: Skin              |    11 |    10 |     6 ||    27
Dodge: Dodged            |    40 |    75 |    17 ||   132
